 Dungeon Crawl Stone Soup version 0.24.1 (webtiles) character file.

Game seed: 16524218648963652825, levelgen mode: deterministic

44 Destapler the Stinger (level 3, -1/24 HPs)
             Began as a Demonspawn Venom Mage on Mar 27, 2020.
             Slain by an ogre
             ... wielding a +0 giant club
              (11 damage)
             ... on level 2 of the Dungeon.
             The game lasted 00:09:16 (1564 turns).

Destapler the Stinger (Demonspawn Venom Mage)       Turns: 1564, Time: 00:09:17

Health: -1/24      AC:  2    Str:  8    XL:     3   Next: 41%
Magic:  6/6        EV: 12    Int: 17    God:
Gold:   27         SH:  0    Dex: 13    Spells: 5/6 levels left

rFire    . . .     SeeInvis .   a - +1 short sword (vamp)
rCold    . . .     Gourm    .   (no shield)
rNeg     . . .     Faith    .   r - +0 robe
rPois    .         Spirit   .   (no helmet)
rElec    .         Reflect  .   (no cloak)
rCorr    .         Harm     .   (no gloves)
MR       .....                  (no boots)
Stlth    ++........             (no amulet)
HPRegen  0.08/turn              (no ring)
MPRegen  0.10/turn              (no ring)

@: no status effects
A: powered by pain 1
a: no special abilities


You were on level 2 of the Dungeon.
You were near starving.

You visited 1 branch of the dungeon, and saw 2 of its levels.

You collected 27 gold pieces.

Inventory:

Hand Weapons
 a - a +1 vampiric short sword (weapon)
Missiles
 b - 13 poisoned darts (quivered)
 d - 78 stones
Armour
 r - a +0 robe (worn)
Scrolls
 e - a scroll of magic mapping {unknown}
 f - a scroll of amnesia {unknown}
 g - 3 scrolls of identify
 j - 2 scrolls of teleportation {unknown}
Potions
 i - a potion of berserk rage {unknown}
 k - 2 potions of degeneration
 l - a potion of might {unknown}
Comestibles
 c - 2 rations


   Skills:
 + Level 1.0 Armour
 + Level 2.1 Dodging
 + Level 2.3 Stealth
 + Level 2.2 Spellcasting
 + Level 1.4 Conjurations
 + Level 3.2 Poison Magic


You had 5 spell levels left.
You knew the following spells:

 Your Spells              Type           Power        Failure   Level  Hunger
a - Sting                 Conj/Pois      ##..         7%          1    #......

Your spell library contained the following spells:

 Spells                   Type           Power        Failure   Level  Hunger
 Poisonous Vapours        Pois/Air       #.....       14%         2    ###....
 Mephitic Cloud           Conj/Pois/Air  #.......     30%         3    ###....
 Olgreb's Toxic Radiance  Pois           ##......     43%         4    #####..
 Venom Bolt               Conj/Pois      ##........   89%         5    ######.


Dungeon Overview and Level Annotations

Branches:
Dungeon (2/15)

Altars:


Innate Abilities, Weirdness & Mutations

You sometimes gain a little power by taking damage.


Message History

You kill the rat!
Your Armour skill increases to level 1!
Found a faded altar of an unknown god.
The helpless ogre fails to defend itself.
You puncture the ogre!
The ogre is moderately wounded.
The ogre closely misses you.
You are near starving!
You hit the ogre.
The ogre is heavily wounded.
You hit the ogre.
The ogre is severely wounded.
The ogre hits you with a +0 giant club!
Ouch! That really hurt!
* * * LOW HITPOINT WARNING * * *
As you read the scroll labeled DATWUF RYKIUNOA, it crumbles to dust.
It is a scroll of identify.
k - 2 potions of degeneration The ogre hits you with a +0 giant club!
You die...

######..#####.# .!. .....#
#...#.......#.# .#. #....#
#...##..#.###.## .#. #....#
#...##.......... ... #....#
#...##...(....## ...
#....#####...##........# ...
#.......##...##..##.##.##
...######....##.##.......##.##...
...$...........O@................
....########.##.............##.##
....# #.##########..#####.##
....# #.# #...............
###.#### #.# ##........###.#.
....†..# #.######.#.########.#.
...♣...# #.#....#.....# #....
..♣.♣..# #.#....#.##### ##..#.
.♣._.♣..# #.#....#.....####.....


You could see an ogre.

Vanquished Creatures
  A worker ant zombie (D:2)
  A dart slug (D:1)
  A ball python (D:1)
  5 bats (D:1)
  2 giant cockroaches (D:1)
  3 goblins
  3 hobgoblins (D:1)
  9 kobolds
  A frilled lizard (D:1)
  3 rats
29 creatures vanquished.

Notes
Turn   | Place    | Note
-------+----------+-------------------------------------------
     0 | D:1      | Destapler the Demonspawn Venom Mage began the quest for the
                  | Orb.
     0 | D:1      | Reached XP level 1. HP: 13/13 MP: 3/3
   415 | D:1      | Gained mutation: You sometimes gain a little power by
                  | taking damage. [demonic ancestry]
   415 | D:1      | Reached XP level 2. HP: 19/19 MP: 1/5
   973 | D:1      | Reached XP level 3. HP: 6/24 MP: 4/6
  1538 | D:2      | Noticed an ogre
  1540 | D:2      | Reached skill level 1 in Armour
  1541 | D:2      | Found a faded altar of an unknown god.
  1564 | D:2      | Slain by an ogre

Levels and vault maps discovered:
D:1:      matt_arrival_spirals, layout_loops_ring, minmay_misc_feat_square,
          minmay_small_reverse_x
D:2:      layout_basic, nicolae_ru_the_path_less_chosen,
          chequers_ecumenical_altar_simple_redux

Skill      XL: |  1  2  3 |
---------------+----------+-----
Dodging        | 2 |  2.1
Stealth        | 2 |  2.3
Armour         | 1 |  1.0
Spellcasting   | |  2.2
Conjurations   | |  1.4
Poison Magic   | |  3.2

Action                   || total
-------------------------++-------
Melee: Whip              ||    28
       Dagger            ||    12
       Short sword       ||    23
 Cast: Sting             ||    34
  Use: Scroll            ||     2
 Stab: Sleeping          ||     4
  Eat: Chunk             ||     1
Armor: Robe              ||    13
Dodge: Dodged            ||    65
